 Dungeon Crawl Stone Soup version 0.28-a0-941-g140ffa10cf (webtiles) character file.

Game seed: 2213814206475205076

327 vineage the Skirmisher (level 6, -2/44 HPs)
             Began as a Gargoyle Fighter on Nov 29, 2021.
             Was an Initiate of Okawaru.
             Slain by a black bear (3 damage)
             ... on level 4 of the Dungeon.
             The game lasted 00:04:05 (4130 turns).

vineage the Skirmisher (Gargoyle Fighter)           Turns: 4130, Time: 00:04:06

Health: -2/44      AC: 13    Str: 20    XL:     6   Next: 50%
Magic:  6/6        EV:  9    Int:  8    God:    Okawaru [......]
Gold:   146        SH:  4    Dex: 11    Spells: 5/5 levels left

rFire   . . .      SeeInvis .   a - +0 flail
rCold   + . .      Faith    .   c - +0 buckler
rNeg    + . .      Spirit   .   b - +0 scale mail
rPois   ∞          Reflect  .   k - +1 helmet
rElec   +          Harm     .   (no cloak)
rCorr   .          Rampage  .   (no gloves)
Will    .....                   (no boots)
Stlth   ..........              (no amulet)
HPRegen 0.14/turn               e - ring of protection from cold
MPRegen 0.10/turn               (no ring)

@: no status effects
A: sickness immunity, AC +4, negative energy resistance 1, electricity
resistance, torment resistance 1, petrification resistance
a: Renounce Religion


You were on level 4 of the Dungeon.
You worshipped Okawaru.
Okawaru was noncommittal.
You visited 2 branches of the dungeon, and saw 5 of its levels.

You collected 146 gold pieces.

Inventory:

Hand Weapons
 a - a +0 flail (weapon)
Armour
 b - a +0 scale mail (worn)
 c - a +0 buckler (worn)
 k - a +1 helmet (worn)
Jewellery
 e - a ring of protection from cold (left hand)
Wands
 d - a wand of flame (22)
Scrolls
 f - 2 scrolls of amnesia
 h - 2 scrolls of magic mapping
 j - a scroll of teleportation
 m - a scroll of immolation {unknown}
Potions
 g - a potion of curing {unknown}
 i - a potion of ambrosia
 l - a potion of magic {unknown}


   Skills:
 + Level 7.8 Fighting
 - Level 2.0 Maces & Flails
 - Level 3.2 Armour
 - Level 3.2 Shields


You had 5 spell levels left.
You didn't know any spells.
Your spell library contained the following spells:

 Spells                   Type           Power      Damage    Failure   Level
 Malign Gateway           Summ/Tloc      Unusable   N/A       N/A         7
 Summon Horrible Things   Summ           Unusable   N/A       N/A         8

Dungeon Overview and Level Annotations

Branches:
Dungeon (4/15)             Temple (1/1) D:4

Altars:
Ashenzari
Elyvilon
Fedhas
Gozag
Hepliaklqana
Kikubaaqudgha
Makhleb
Nemelex Xobeh
Okawaru
Qazlal
Ru
Sif Muna
Uskayaw
Wu Jian
Xom
Zin

Shops:
D:1 *((*


Innate Abilities, Weirdness & Mutations

You are immune to sickness and miasma.
Your stone body is resilient. (AC +4)
You are immune to poison.
You resist negative energy. (rN+)
You are resistant to electric shocks. (rElec)
You are resistant to unholy torment.
You are immune to petrification.


Message History

The black bear barely misses you. x2; The black bear claws you.
You hit the black bear but do no damage.
The black bear is heavily wounded.
The black bear bites you. The black bear misses you. The black bear claws you.
You closely miss the black bear.
The black bear is heavily wounded.
The black bear bites you. The black bear claws you.
The black bear claws you but does no damage.
The black bear bites you but does no damage.
The black bear claws you but does no damage.
The black bear closely misses you.
You hit the black bear.
The black bear is severely wounded.
The black bear bites you but does no damage.
The black bear barely misses you. The black bear claws you.
You hit the black bear.
The black bear is severely wounded.
The black bear goes berserk!
You thump the black bear!
The black bear is almost dead.
The black bear bites you but does no damage.
The black bear claws you but does no damage.
The black bear claws you.
The black bear bites you but does no damage.
The black bear claws you.
* * * LOW HITPOINT WARNING * * *
You block the black bear's attack.
You closely miss the black bear.
The black bear is almost dead.
The black bear barely misses you. The black bear closely misses you. x2
The black bear bites you but does no damage.
The black bear claws you.
* * * LOW HITPOINT WARNING * * *
The black bear claws you but does no damage.
You closely miss the black bear.
The black bear is almost dead.
The black bear bites you!
* * * LOW HITPOINT WARNING * * *
The black bear claws you.
You die...

...#.........#..#
...'.....)......#
...#............#
...#.........#..#
...#.........#..#
####.........#..#####.#
#............#........#
.................#######
................@......$
......# #####...h##.###.
..##### ........# #
#.... .###.#..# ......
#.#... ...... .[....
##### .. ..## .. ...


You could see a black bear (berserk).

Vanquished Creatures
  Blork the orc (D:4)
  A bullfrog zombie (D:3)
  An iguana (Temple)
  12 adders
  2 worms (D:2)
  5 orcs
  12 ball pythons
  6 endoplasms
  2 giant cockroaches (D:1)
  6 hobgoblins
  4 jackals (D:3)
  A quokka (D:1)
  3 bats
  2 frilled lizards (D:2)
  7 goblins
  10 kobolds
  11 rats
86 creatures vanquished.

Vanquished Creatures (others)
  A plant (D:1)
1 creature vanquished.

Grand Total: 87 creatures vanquished

Notes
Turn   | Place    | Note
-------+----------+-------------------------------------------
     0 | D:1      | vineage the Gargoyle Fighter began the quest for the Orb.
     0 | D:1      | Reached XP level 1. HP: 14/14 MP: 1/1
    43 | D:1      | Found Xywuq's General Store.
    78 | D:1      | Reached XP level 2. HP: 13/20 MP: 2/2
   241 | D:1      | Reached skill level 4 in Fighting
   623 | D:1      | Found Ziag Iri's Antique Weapon Shop.
   625 | D:1      | Found Tabawk's General Store.
   629 | D:1      | Found Toul Tau's Weapon Shop.
   762 | D:1      | Reached XP level 3. HP: 23/24 MP: 3/3
   994 | D:1      | Found a faded altar of an unknown god.
  1218 | D:2      | Reached skill level 5 in Fighting
  1555 | D:2      | Reached XP level 4. HP: 31/31 MP: 4/4
  1838 | D:2      | Reached skill level 6 in Fighting
  1897 | D:2      | Reached XP level 5. HP: 36/36 MP: 5/5
  2648 | D:3      | Found a sparkling altar of Nemelex Xobeh.
  2875 | D:3      | Reached skill level 7 in Fighting
  2875 | D:3      | Found a broken altar of Ashenzari.
  2977 | D:3      | Found an ornate altar of the Wu Jian Council.
  3051 | D:3      | Found a burning altar of Makhleb.
  3386 | D:4      | Found a staircase to the Ecumenical Temple.
  3405 | D:4      | Reached XP level 6. HP: 44/44 MP: 6/6
  3411 | Temple   | Entered the Ecumenical Temple
  3636 | Temple   | Became a worshipper of Warmaster Okawaru
  3695 | D:4      | Noticed Blork the orc
  3707 | D:4      | Killed Blork the orc
  4114 | D:4      | Noticed a black bear
  4130 | D:4      | HP: 1/44 [black bear (9)]
  4130 | D:4      | Slain by a black bear

Illustrated notes

Levels and vault maps discovered:
D:1:      dpeg_arrival_solitude, layout_basic, chequers_ecumenical_altar_lobes,
          serial_shops, shop, shop, nicolae_diamond_shop, nicolae_shop_crystal
D:2:      layout_basic, minmay_snake_closets
D:3:      layout_basic, ashenzari_altar_1, nemelex_xobeh_ov_fountains_minmay,
          bloody_makhleb, marbit_many_paths, minmay_crystal_room
D:4:      layout_basic, tso_altar, minmay_temple_entry_slanted,
          uniq_blork_the_orc
Temple:   minmay_temple_bridge_abc

Skill      XL: |  1  2  3  4  5 |
---------------+----------------+-----
Fighting       | 4 5 6 7 |  7.8
Maces & Flails | |  2.0
Armour         | |  3.2
Shields        | |  3.2

Action                   |  1- 3 |  4- 6 || total
-------------------------+-------+-------++-------
Melee: Flail             |   131 |   175 ||   306
  Use: Scroll            |       |     5 ||     5
       Potion            |       |     1 ||     1
Armor: Scale mail        |    76 |    97 ||   173
Dodge: Dodged            |    65 |   102 ||   167
Block: Buckler           |    35 |    40 ||    75

Table legend: (Time is in decaauts)
 A = Elapsed time spent in this place.
 B = Non-inter-level travel time spent in this place.
 C = Inter-level travel time spent in this place.
 D = Time resting spent in this place.
 E = Time spent auto-exploring this place.
 F = Levels seen in this place.
 G = Mean time per level.
                   A        B        C        D        E       F      G
               +--------+--------+--------+--------+--------+-----+--------+
         Total |   4225 |   4023 |    202 |    196 |   3102 |   5 |  845.0 |
       Dungeon |   3961 |   3863 |     98 |    196 |   2962 |   4 |  990.2 |
        Temple |    263 |    159 |    104 |      0 |    140 |   1 |  263.0 |
               +--------+--------+--------+--------+--------+-----+--------+

Top non-repeatable levels by time:
     D:2: 1389 daAuts
     D:1: 1058 daAuts
     D:3: 1005 daAuts
     D:4: 507 daAuts
  Temple: 263 daAuts
